Map: Submarino EE

Players

ChalyMaster

  • Race: Terran Terran
  • League: Gold
  • Spawn Location: 11:00

MrFercho - Winner!

  • Race: Zerg Zerg
  • League: Gold
  • Spawn Location: 5:00

VOD

Have the link to the VOD?

Description

Time

  • Played on: Aug. 8, 2020, 5:59 p.m.
  • Length: 18:44
Show
View Real Time Build Order
Export as new Build Order

ChalyMaster Terran 

Build Orders:  

Get SALT Encoding   

  12  0:01  SCV  
  13  0:15  Supply Depot  
  13  0:24  SCV  
  14  0:36  SCV  
  14  0:37  Refinery  
  15  0:47  Barracks  
  15  0:48  SCV  
  16  1:00  SCV  
  17  1:07  Barracks  
  17  1:12  SCV  
  18  1:24  SCV  
  19  1:33  Barracks Reactor  
  19  1:37  SCV  
  19  1:39  Supply Depot  
  20  1:49  SCV  
  21  2:01  SCV  
  23  2:02  Barracks Tech Lab  
  22  2:09  Refinery  
  22  2:11  Marine x2  
  22  2:13  SCV  
  25  2:25  Marine, SCV  
  25  2:28  Marine  
  25  2:29  Marine  
  29  2:37  SCV  
  29  2:42  Marine  
  31  2:47  Factory  
  31  2:54  Supply Depot  
  31  3:15  Marine x2, SCV  
  31  3:16  Marauder  
  36  3:21  Supply Depot  
  36  3:27  SCV  
  36  3:33  Marine x2  
  38  3:36  Marine  
  38  3:40  Combat Shield  
  37  3:45  Command Center  
  37  3:49  Factory Tech Lab  
  37  3:51  Marine  
  38  3:56  Starport  
  38  4:04  Marine  
  38  4:09  Bunker  
  39  4:10  Engineering Bay  
  39  4:21  Marine  
  39  4:22  Marauder  
  41  4:43  Starport Tech Lab  
  44  4:45  Siege Tank  
  44  4:51  Marine  
  44  4:52  Marauder  
  47  5:07  SCV  
  47  5:12  Refinery  
  48  5:14  Banshee  
  48  5:15  Cloaking Field  
  48  5:17  Starport  
  48  5:19  SCV  
  52  5:45  Bunker, Marine x2, Siege Tank  
  52  5:46  Marauder  
  52  5:49  Terran Infantry Weapons Level 1  
  59  5:56  Starport Tech Lab  
  59  6:01  SCV  
  59  6:02  Medivac  
  59  6:03  Missile Turret  
  62  6:20  Supply Depot  
  62  6:41  Marine, Banshee, Planetary Fortress  
  66  7:07  Marine x3  
  69  7:20  Siege Tank  
  69  7:29  Bunker  
  69  7:41  Marauder  
  50  8:02  Marauder  
  52  8:12  SCV  
  53  8:16  Refinery  
  53  8:17  Fusion Core  
  53  8:21  Marine  
  53  8:22  Marine  
  53  8:23  Siege Tank  
  53  8:24  SCV  
  56  8:56  Widow Mine  
  56  9:08  Battlecruiser  
  61  9:18  Bunker  
  61  9:20  Command Center  
  61  9:37  Battlecruiser  
  67  9:43  SCV  
  68  9:52  Bunker  
  68  9:55  SCV  
  68  9:57  Orbital Command  
  69  10:20  Marine  
  70  10:31  Marine  
  70  10:32  Marauder  
Show
View Real Time Build Order
Export as new Build Order

MrFercho Zerg - Winner!

Build Orders: Hatch First, Lurkers 

Get SALT Encoding   

  12  0:00  Drone  
  13  0:14  Overlord  
  13  0:17  Drone  
  14  0:33  Drone x2  
  16  0:50  Hatchery  
  16  0:52  Drone  
  16  0:57  Drone  
  16  1:00  Drone  
  18  1:11  Extractor  
  17  1:16  Spawning Pool  
  16  1:19  Drone  
  16  1:22  Drone  
  18  1:30  Drone  
  19  1:42  Drone  
  20  1:52  Overlord  
  20  2:06  Queen x2  
  20  2:08  Drone x2  
  26  2:14  Overlord  
  26  2:15  Drone  
  27  2:27  Overlord  
  27  2:28  Overlord  
  28  2:37  Drone x2  
  29  2:50  Drone x2  
  31  2:56  Queen  
  31  2:58  Lair  
  33  3:00  Zergling x4  
  35  3:14  Zergling x4, Spine Crawler  
  36  3:28  Zergling x2  
  36  3:29  Zergling x2  
  36  3:41  Zergling x10  
  38  3:42  Zergling x2  
  42  4:00  Drone x9  
  51  4:27  Roach Warren  
  49  4:47  Drone  
  49  4:48  Drone  
  49  4:50  Overlord x4  
  51  4:52  Extractor  
  51  4:54  Extractor  
  48  5:08  Metabolic Boost  
  48  5:11  Roach  
  48  5:12  Roach x5  
  60  5:39  Glial Reconstitution  
  60  5:44  Evolution Chamber, Drone x2  
  60  5:45  Drone x3  
  60  5:46  Drone  
  60  5:47  Drone  
  66  6:11  Overlord x3  
  66  6:16  Drone  
  66  6:17  Drone x2  
  70  6:18  Drone  
  70  6:23  Hydralisk Den  
  69  6:27  Baneling Nest  
  69  6:28  Extractor  
  67  6:33  Spore Crawler  
  67  6:35  Spore Crawler  
  65  6:52  Zerg Missile Weapons Level 1  
  65  6:54  Muscular Augments  
  65  6:58  Overseer  
  65  7:03  Roach x6  
  65  7:05  Overlord  
  65  7:06  Overlord x3  
  73  7:48  Hydralisk x4  
  73  7:49  Hydralisk x3  
  83  7:58  Hydralisk x2  
  83  8:04  Queen  
  83  8:05  Grooved Spines  
  81  8:40  Zergling x12  
  79  8:52  Zerg Missile Weapons Level 2  
  79  8:54  Zergling x2  
  79  8:55  Zergling x2  
  63  9:06  Drone x2  
  57  9:13  Centrifical Hooks  
  57  9:23  Infestation Pit  
  56  9:27  Overseer  
  56  9:31  Hatchery  
  55  9:49  Drone x3  
  55  9:50  Drone x2  
  60  10:09  Hydralisk x5  
  60  10:10  Spire  
  69  10:14  Spore Crawler  
  69  10:16  Drone x2  
  69  10:17  Spore Crawler  
  69  10:34  Hatchery  
  68  10:42  Extractor  
  68  10:47  Extractor  
  61  11:24  Corruptor  
  61  11:25  Corruptor x7  
  75  11:30  Hive  
  77  11:46  Hatchery  
  76  11:52  Hydralisk  
  76  11:53  Hydralisk x6  
  90  11:57  Zerg Ground Armor Level 1  
  82  12:09  Zerg Flyer Weapons Level 1  
  82  12:11  Drone x2  
  84  12:17  Drone x3  
  87  12:25  Queen  
  89  12:39  Extractor  
  89  12:41  Drone x6  
  89  12:42  Drone x4  
  89  12:43  Extractor  
  97  13:03  Overlord x3  
  97  13:05  Drone  
  97  13:06  Hatchery, Drone x7  
  104  13:16  Drone  
  105  13:22  Drone  
  105  13:23  Drone x3  
  105  13:24  Drone x2  
  105  13:25  Drone x3  
  114  13:31  Queen  
  116  13:48  Lurker Den  
  115  14:05  Overlord x3  
  115  14:07  Hydralisk x6  
  115  14:08  Hydralisk x9  
  145  14:15  Greater Spire  
  145  14:24  Drone  
  145  14:25  Drone x6  
  152  14:33  Zerg Missile Weapons Level 3  
  152  14:37  Evolution Chamber  
  151  14:41  Overseer x2  
  151  14:45  Zergling x8  
  155  14:46  Zergling x16  
  163  14:53  Seismic Spines  
  163  14:56  Lurker x3  
  163  14:57  Lurker x2  
  163  14:58  Lurker  
  169  15:38  Brood Lord x3  
  169  15:39  Brood Lord  
  169  15:40  Hydralisk  
  169  15:41  Hydralisk x10  
  199  15:50  Adaptive Talons  
  199  16:04  Drone  
  200  16:24  Extractor, Hatchery  
  198  16:27  Extractor  
  166  17:10  Zergling x2  
  166  17:11  Zergling x44  
  166  17:12  Zergling x22  
Tags
 
Composition
Lurkers
League
GoldGold
Matchup
TvZ
Replay Pack
MrFercho
Spawn Locations
Cross Positions
Add a new tag
Caveats
  • Supply blocks, unpowered buildings, or Contaminate may cause inaccurate times.
  • Supply counts are checked every 10 seconds.